 Dungeon Crawl Stone Soup version 0.29.0-7-g18a832c13a (webtiles) character file.

Game seed: 6882363927802022124

1340 SensoryNuts the Slasher (level 8, 0/61 HPs)
             Began as a Demonspawn Fighter on Aug 31, 2022.
             Slain by a steam dragon (7 damage)
             ... on level 7 of the Dungeon.
             The game lasted 00:10:27 (5408 turns).

SensoryNuts the Slasher (Demonspawn Fighter)        Turns: 5408, Time: 00:10:27

Health: 0/61       AC:  9    Str: 22    XL:     8   Next: 35%
Magic:  8/8        EV: 13    Int: 14    God:
Gold:   760        SH:  0    Dex: 24    Spells: 7/7 levels left

rFire   . . .      SeeInvis +   a - +1 long sword
rCold   . . .      Faith    .   c - +0 buckler
rNeg    . . .      Spirit   .   h - +1 troll leather armour
rPois   .          Reflect  .   (helmet unavailable)
rElec   +          Harm     .   b - +0 cloak {Stlth+}
rCorr   .          Rampage  .   B - +0 pair of gloves
Will    .....                   s - +0 pair of boots
Stlth   ++........              (no amulet)
HPRegen 1.00/turn               k - +6 ring of dexterity
MPRegen 0.11/turn               v - ring of Omemnoa {rElec Str+6 Dex+3}

@: confused, ambrosia-drunk, studying Maces & Flails
A: antennae 3, powered by death 1, big brain 2, demonic magic 1
a: no special abilities


You were on level 7 of the Dungeon.
You visited 2 branches of the dungeon, and saw 8 of its levels.

You collected 860 gold pieces.
You spent 100 gold pieces at shops.

Inventory:

Hand Weapons
 a - a +1 long sword (weapon)
Armour
 b - a +0 cloak of stealth (worn)
 c - a +0 buckler (worn)
 h - a +1 troll leather armour (worn)
 s - a +0 pair of boots (worn)
 B - a +0 pair of gloves (worn)
Jewellery
 g - a ring of protection from fire
 k - a +6 ring of dexterity (left hand)
 r - a +6 ring of intelligence
 u - a ring of willpower
 v - the ring of Omemnoa (right hand) {rElec Str+6 Dex+3}
   (You acquired it on level 4 of the Dungeon)

   [ring of strength]

   Str:       It affects your strength (+6).
   Dex:       It affects your dexterity (+3).
   rElec:     It insulates you from electricity.
 x - a +6 ring of strength
 y - a ring of flight
Wands
 d - a wand of iceblast (5)
 o - a wand of charming (14)
Scrolls
 m - 2 scrolls of torment
 n - a scroll of amnesia
Potions
 e - 2 potions of cancellation
 i - 2 potions of flight {unknown}
 j - 9 potions of curing {unknown}
 l - 2 potions of degeneration {unknown}
 p - a potion of mutation {unknown}
 q - a potion of lignification
 t - a potion of invisibility {unknown}
 A - a potion of haste {unknown}
 C - a potion of magic {unknown}


   Skills:
 + Level 4.7 Fighting
 * Level 7.5 Long Blades
 + Level 3.3 Armour
 + Level 2.6 Dodging
 + Level 2.1 Stealth
 + Level 3.5 Shields


You had 7 spell levels left.
You didn't know any spells.
Your spell library contained the following spells:

 Spells                   Type           Power      Damage    Failure   Level
 Necrotise                Necr           0%         1d4       41%         1
 Vampiric Draining        Necr           0%         2d6       78%         3
 Airstrike                Air            0%         2d(0-16)  99%         4
 Summon Lightning Spire   Summ/Air       0%         N/A       99%         4
 Agony                    Necr           0%         N/A       100%        5
 Freezing Cloud           Conj/Ice/Air   0%         6-21      100%        5
 Lightning Bolt           Conj/Air       0%         1d11      100%        5
 Simulacrum               Ice/Necr       0%         N/A       100%        6
 Polar Vortex             Ice            0%         N/A       100%        9


Dungeon Overview and Level Annotations

Branches:
Dungeon (7/15)             Temple (1/1) D:6

Altars:
Ashenzari
Cheibriados
Dithmenos
Fedhas
Gozag
Hepliaklqana
Kikubaaqudgha
Makhleb
Nemelex Xobeh
Okawaru
Qazlal
Ru
Sif Muna
Trog
Vehumet
Wu Jian
Xom
Yredelemnul

Shops:
D:6 *


Innate Abilities, Weirdness & Mutations

You have a pair of large antennae on your head. (SInv)
You regenerate a little health from kills.
You have an extremely huge brain. (Int +4)
Spells you cast may paralyse adjacent enemies.


Message History

The ball of steam hits you!!
* * * LOW HITPOINT WARNING * * *
The steam dragon bites you.
* * * LOW HITPOINT WARNING * * *
The steam dragon claws you.
* * * LOW HITPOINT WARNING * * *
You feel much better.
You are engulfed in a cloud of scalding steam.
You block the steam dragon's attack.
The steam dragon claws you but does no damage.
You closely miss the steam dragon.
The steam dragon is moderately wounded.
The steam dragon breathes steam at you. The ball of steam hits you!
You barely miss the steam dragon.
The steam dragon is moderately wounded.
You are engulfed in a cloud of scalding steam.
The steam dragon breathes steam at you. The ball of steam hits you!
* * * LOW HITPOINT WARNING * * *
You hit the steam dragon.
The steam dragon is heavily wounded.
You are engulfed in a cloud of scalding steam.
* * * LOW HITPOINT WARNING * * *
The steam dragon misses you. x2
Unknown command.
You are confused.
You feel invigorated.
You are engulfed in a cloud of scalding steam.
The steam dragon barely misses you. The steam dragon completely misses you.
The steam dragon breathes steam at you. The ball of steam hits you!
* * * LOW HITPOINT WARNING * * *
Unknown command.
You are too confused!
Unknown command.
You are engulfed in a cloud of scalding steam.
* * * LOW HITPOINT WARNING * * *
The steam dragon bites you!
You die...

..............[###.......
...#............###.....#
...##.......#...#.#....##
..?.....)<###...#.....##
#.....###.§#........###
#........§§#..#.#....#
#.......§§§...#.#.....#
###...[D............###
#.##..#@...........#
......####.......###
#...... #....#### .......
###.## #...... #.#
#...#.. ## ##..##.


You could see a steam dragon.

Vanquished Creatures
  Sigmund (D:3)
  2 ogres
  An ice beast (D:5)
  A centaur (D:5)
  A scorpion (D:5)
  2 necrophages
  A howler monkey (D:6)
  A jelly (D:5)
  3 hounds
  An orc priest (D:5)
  Crazy Yiuf (D:3)
  A gnoll bouda (D:7)
  Ijyb (D:3)
  5 iguanas
  3 gnolls
  14 adders
  A white imp (D:5)
  2 ufetubi (D:4)
  3 worms
  A dart slug (D:1)
  13 orcs
  5 bats
  11 endoplasms
  4 giant cockroaches
  7 goblins
  3 hobgoblins
  4 jackals
  2 quokkas
  8 ball pythons
  2 frilled lizards (D:2)
  2 kobolds
  7 rats
114 creatures vanquished.

Vanquished Creatures (others)
  3 fungi (D:3)
  A plant (D:1)
4 creatures vanquished.

Grand Total: 118 creatures vanquished

Notes
Turn   | Place    | Note
-------+----------+-------------------------------------------
     0 | D:1      | SensoryNuts the Demonspawn Fighter began the quest for the
                  | Orb.
     0 | D:1      | Reached XP level 1. HP: 18/18 MP: 1/1
    68 | D:1      | Reached skill level 2 in Long Blades
   100 | D:1      | Gained mutation: You have a pair of small antennae on your
                  | head. [demonic ancestry]
   100 | D:1      | Reached XP level 2. HP: 24/24 MP: 2/2
  1124 | D:1      | Gained mutation: You have an unusually large brain. (Int
                  | +2) [demonic ancestry]
  1124 | D:1      | Reached XP level 3. HP: 29/29 MP: 3/3
  1449 | D:2      | Found a sacrificial altar of Ru.
  1631 | D:2      | Found a faded altar of an unknown god.
  2011 | D:2      | Reached skill level 3 in Long Blades
  2029 | D:2      | Gained mutation: Spells you cast may paralyse adjacent
                  | enemies. [demonic ancestry]
  2029 | D:2      | Reached XP level 4. HP: 35/35 MP: 4/4
  2052 | D:2      | Reached skill level 1 in Dodging
  2219 | D:3      | Noticed Sigmund
  2233 | D:3      | Killed Sigmund
  2234 | D:3      | Reached skill level 4 in Long Blades
  2234 | D:3      | Gained mutation: You regenerate a little health from kills.
                  | [demonic ancestry]
  2234 | D:3      | Reached XP level 5. HP: 26/41 MP: 5/5
  2266 | D:3      | Found a sacrificial altar of Ru.
  2366 | D:3      | Noticed Ijyb
  2377 | D:3      | Killed Ijyb
  2378 | D:3      | Gained mutation: You have an extremely huge brain. (Int +4)
                  | [demonic ancestry]
  2378 | D:3      | Reached XP level 6. HP: 42/48 MP: 6/6
  2447 | D:3      | Found a blossoming altar of Fedhas.
  2573 | D:3      | Found a runed translucent door.
  2574 | D:3      | Noticed Crazy Yiuf
  2941 | D:3      | Killed Crazy Yiuf
  2942 | D:3      | Reached skill level 1 in Stealth
  3165 | D:3      | Identified a scroll of acquirement
  3165 | D:3      | Acquired 510 gold pieces
  3495 | D:4      | Found an iron altar of Okawaru.
  3741 | D:4      | Reached skill level 5 in Long Blades
  3862 | D:4      | Found a hazy altar of Hepliaklqana.
  4003 | D:4      | Acquired the ring of Omemnoa {rElec Str+6 Dex+3}
  4007 | D:5      | Entered Level 5 of the Dungeon
  4078 | D:5      | Found a snail-covered altar of Cheibriados.
  4224 | D:5      | Noticed an ice beast
  4225 | D:5      | Gained mutation: You have a pair of antennae on your head.
                  | [demonic ancestry]
  4225 | D:5      | Reached XP level 7. HP: 54/54 MP: 7/7
  4281 | D:5      | Reached skill level 6 in Long Blades
  4436 | D:5      | Gained mutation: You have a pair of large antennae on your
                  | head. (SInv) [demonic ancestry]
  4436 | D:5      | Reached XP level 8. HP: 61/61 MP: 8/8
  4658 | D:5      | Found a broken altar of Ashenzari.
  4674 | D:5      | Found an ornate altar of the Wu Jian Council.
  4725 | D:6      | Identified the +6 dagger of Moirhol {freeze, Int+3}
  4831 | D:6      | Noticed an angel
  4845 | D:6      | Found Zahefer's Hallowed Reliquary.
  4852 | D:6      | Bought a potion of heal wounds for 50 gold pieces
  4852 | D:6      | Bought a potion of heal wounds for 50 gold pieces
  4891 | D:6      | Found a staircase to the Ecumenical Temple.
  4912 | Temple   | Entered the Ecumenical Temple
  5070 | D:6      | Reached skill level 7 in Long Blades
  5400 | D:7      | HP: 3/61 [steam dragon (2)]
  5408 | D:7      | HP: 3/61 [steam dragon] (5)]
  5408 | D:7      | Slain by a steam dragon

Illustrated notes

Levels and vault maps discovered:
D:1:      mrwooster_arrival_statue_2, layout_loops_cross, serial_forest,
          infiniplex_forest_straight_2, infiniplex_forest_clump_diagonal,
          infiniplex_forest_clump_curved, infiniplex_forest_lined_2,
          infiniplex_forest_end_2, infiniplex_forest_lined_corner,
          infiniplex_forest_corner_1, infiniplex_forest_clump_small
D:2:      minmay_chambers_of_twos, layout_loops_corners,
          hellmonk_ecumenical_altar_blasted, basic_altar
D:3:      layout_loops_ring, mainiacjoe_overflow_tiny_flanked,
          nicolae_ru_great_annihilating_truth, uniq_crazy_yiuf_cottage,
          uniq_sigmund, uniq_ijyb
D:4:      layout_loops_ring, okawaru_ov_weapons_minmay,
          nzn_hepliaklqana_mist_gate
D:5:      layout_rooms, cheibriados_altar_1, mainiacjoe_overflow_swirl,
          minmay_manual_mail
D:6:      layout_rooms, minmay_temple_entry_mist, nicolae_good_shop
D:7:      layout_cave_pools, uniq_duvessa, uniq_pikel
Temple:   nicolae_temple_superstar

Skill      XL: |  1  2  3  4  5  6  7  8 |
---------------+-------------------------+-----
Long Blades    | 2 3 4 5 6 7 |  7.5
Armour         | 3 |  3.3
Dodging        | 1 2 |  2.6
Shields        | 3 |  3.5
Stealth        | 1 2 |  2.1
Fighting       | 4 |  4.7

Action                   |  1- 3 |  4- 6 |  7- 9 || total
-------------------------+-------+-------+-------++-------
Melee: Long sword        |   100 |   128 |   129 ||   357
  Use: Scroll            |     1 |     6 |     8 ||    15
       Potion            |       |     3 |     6 ||     9
 Stab: Sleeping          |     2 |    10 |     4 ||    16
       Paralysed         |       |     1 |       ||     1
Armor: Scale mail        |    27 |       |       ||    27
       Troll leather arm |    19 |    34 |    39 ||    92
Dodge: Dodged            |    52 |    70 |    92 ||   214
Block: Buckler           |    25 |    24 |    39 ||    88
